 Dungeon Crawl Stone Soup version 0.25-a0-591-g2ad0d861f1 (webtiles) character file.

Game seed: 13782372814632587259, levelgen mode: deterministic

31 Esekla the Ducker (level 3, -1/17 HPs)
             Began as a Spriggan Artificer on Mar 14, 2020.
             Slain by a kobold
             ... wielding a +0 short sword
              (4 damage)
             ... on level 2 of the Dungeon.
             The game lasted 00:04:32 (1358 turns).

Esekla the Ducker (Spriggan Artificer)              Turns: 1358, Time: 00:04:32

Health: -1/17      AC:  2    Str:  8    XL:     3   Next: 7%
Magic:  7/7        EV: 20    Int: 13    God:
Gold:   66         SH:  0    Dex: 16    Spells: 3/3 levels left

rFire    . . .     SeeInvis +   a - +0 short sword
rCold    . . .     Gourm    .   (shield restricted)
rNeg     . . .     Faith    .   b - +0 robe
rPois    .         Spirit   .   (helmet restricted)
rElec    .         Reflect  .   (no cloak)
rCorr    .         Harm     .   (gloves unavailable)
MR       .....                  (boots unavailable)
Stlth    ++........             (no amulet)
HPRegen  0.05/turn              (no ring)
MPRegen  0.10/turn              (no ring)

@: very quick
A: very small, unfitting armour, see invisible, herbivore, speed 3, slow
metabolism 2
a: no special abilities


You were on level 2 of the Dungeon.
You were not hungry.

You visited 1 branch of the dungeon, and saw 2 of its levels.

You collected 66 gold pieces.

Inventory:

Hand Weapons
 a - a +0 short sword (weapon)
Armour
 b - a +0 robe (worn)
 k - a +0 leather armour
Wands
 c - a wand of flame (15)
 d - a wand of enslavement (15)
 e - a wand of random effects (15)
Scrolls
 g - 3 scrolls of teleportation {unknown}
 h - a scroll of fog {unknown}
 i - a scroll of identify {unknown}
 l - a scroll of random uselessness {unknown}
Potions
 j - a potion of flight {unknown}
 m - a potion of might {unknown}
 n - 2 potions of degeneration {unknown}
 o - a potion of stabbing {unknown}
Comestibles
 f - a ration


   Skills:
 - Level 0.7 Fighting
 * Level 1.7 Short Blades
 * Level 4.4 Dodging
 + Level 2.1 Stealth
 * Level 0.9 Spellcasting
 - Level 4.0 Evocations


You had 3 spell levels left.
You didn't know any spells.
Your spell library was empty.

Dungeon Overview and Level Annotations

Branches:
Dungeon (2/15)

Altars:


Innate Abilities, Weirdness & Mutations

You are very small and have problems with some larger weapons.
You are too small for most types of armour.
You have supernaturally acute eyesight. (SInv)
You are a herbivore.
You cover ground extremely quickly.
You need to consume almost no food.


Message History

The kobold throws a stone.
The stone closely misses you. The adder bites you.
You miss the adder.
The adder is severely wounded.
The adder barely misses you.
The kobold throws a stone.
The stone barely misses you.
You hit the adder.
You kill the adder!
You have reached level 3!
Your experience leads to an increase in your attributes!
Increase (S)trength, (I)ntelligence, or (D)exterity?
You feel clever.
You start resting.
The kobold is too close now for your liking.
You closely miss the kobold.
The kobold hits you with a +0 short sword.
* * * LOW HITPOINT WARNING * * *
You hit the kobold.
The kobold is heavily wounded.
The kobold hits you with a +0 short sword.
You die...

###### ......#
.......####
....K.....######
...>..#........#
#.....).(......#
...###..##.K.###
#....#. ..
##.####@#
##........ # #..
#.# #......... ##.#
#.# #.......... .#
#.# ####..........
.#
#.###.............
.# #.....#......#
... .# ###..(<.)..#
#.# #.........# #.#
#......##†..#####.#


You could see a kobold.

Vanquished Creatures
  An adder (D:2)
  A worm (D:2)
  2 leopard geckos
  A ball python (D:1)
  A giant cockroach (D:2)
  2 goblins
  A hobgoblin (D:1)
  4 bats (D:1)
  2 frilled lizards (D:1)
  3 kobolds
  3 rats
21 creatures vanquished.

Notes
Turn   | Place    | Note
-------+----------+-------------------------------------------
     0 | D:1      | Esekla the Spriggan Artificer began the quest for the Orb.
     0 | D:1      | Reached XP level 1. HP: 9/9 MP: 4/4
   502 | D:1      | Reached XP level 2. HP: 7/14 MP: 6/6
  1346 | D:2      | Reached XP level 3. HP: 8/17 MP: 7/7
  1358 | D:2      | Slain by a kobold

Levels and vault maps discovered:
D:1:      minmay_arrival_semitransparent, layout_basic
D:2:      layout_rooms, first_ration, fountainhead

Skill      XL: |  1  2 |
---------------+-------+-----
Stealth        | 2 |  2.1
Dodging        | 4 |  4.4
Fighting       | |  0.7
Short Blades   | |  1.7
Spellcasting   | |  0.9
Evocations     | |  4.0

Action                   || total
-------------------------++-------
Melee: Short sword       ||    81
 Stab: Sleeping          ||     4
Armor: Robe              ||     7
Dodge: Dodged            ||    67

Table legend:
 A = Non-vault XP
 B = Vault XP
 C = Vault XP percentage of total XP
 D = Non-vault monster count
 E = Vault monster count
 F = Vault count percentage of total count
                 A         B        C        D         E       F
            +---------+---------+-------+---------+---------+-------
      Total |      45 |       0 |   0.0 |      21 |       0 |   0.0
            +---------+---------+-------+---------+---------+-------
        D:1 |      19 |       0 |   0.0 |      13 |       0 |   0.0
        D:2 |      26 |       0 |   0.0 |       8 |       0 |   0.0
            +---------+---------+-------+---------+---------+-------
